 Dungeon Crawl Stone Soup version 0.30.0-29-ga12c61a403 (webtiles) character file.

Game seed: 3271887918845634383

40 qw the Chopper (level 3, -3/23 HPs)
             Began as a Gargoyle Fighter on June 3, 2023.
             Slain by a worm (8 damage)
             ... on level 2 of the Dungeon.
             The game lasted 00:00:30 (1096 turns).

qw the Chopper (Gargoyle Fighter)                   Turns: 1096, Time: 00:00:31

Health: -3/23      AC: 11    Str: 21    XL:     3   Next: 50%
Magic:  3/3        EV:  9    Int:  8    God:
Gold:   44         SH:  4    Dex:  9    Spells: 2/2 levels left

rFire   . . .        Y - +0 war axe
rCold   . . .        c - +0 buckler
rNeg    + . .        b - +0 scale mail
rPois   inf          (no helmet)
rElec   +            (no cloak)
rCorr   .            n - +0 pair of gloves
SInv    .            (no boots)
Will    .....        (no amulet) Stlth
                     (no ring)
HPRegen 0.23/turn    (no ring)
MPRegen 0.08/turn

%: no passive effects
@: no status effects
A: sickness immunity, AC +3, negative energy resistance 1, electricity
resistance, torment resistance 1, petrification resistance
a: no special abilities


You were on level 2 of the Dungeon.
You visited 1 branch of the dungeon, and saw 2 of its levels.

You collected 44 gold pieces.


Innate Abilities, Weirdness & Mutations

You are immune to sickness and miasma.
Your stone body is resilient. (AC +3)
You are immune to poison.
You resist negative energy. (rN+)
You are resistant to electric shocks. (rElec)
You are resistant to unholy torment.
You are immune to petrification.


   Skills:
 - Level 3.2 Fighting
 + Level 3.4 Axes
 - Level 3.2 Armour
 - Level 3.2 Shields


You had 2 spell levels left.
You didn't know any spells.
Your spell library was empty.

Inventory:

Hand Weapons
 f - a +0 whip
 Y - a +0 war axe (weapon)
Armour
 b - a +0 scale mail (worn)
 c - a +0 buckler (worn)
 n - a +0 pair of gloves (worn)
Potions
 d - a potion of might
 i - a potion of lignification {unknown}
 k - a potion of cancellation {unknown}
 l - a potion of curing {unknown}
 m - a potion of heal wounds

Dungeon Overview and Level Annotations

Branches:
Dungeon (2/15)

Altars:

Annotations:
D:2 Sigmund


Message History

The adder is moderately wounded.
You block the adder's attack.
Sigmund hits you from afar with a +0 scythe.
The adder closely misses you.
You slash the adder!
You kill the adder!
Sigmund barely misses you.
You slash Sigmund!
Sigmund is moderately wounded.
Sigmund hits you but does no damage.
You closely miss Sigmund.
Sigmund is moderately wounded.
You block Sigmund's attack.
You closely miss Sigmund.
Sigmund is moderately wounded.
Sigmund looks at you with fury.
Sigmund casts a spell.
Sigmund flickers and vanishes!
Deactivating autopickup; reactivate with Ctrl-A.
Something hits you.
You barely miss something. You slash something!
Something hits you but does no damage.
You miss something. Something hits you but does no damage.
You hit something. Something hits you!
You miss something. Something hits you.
You barely miss something. Something hits you but does no damage.
You hit something. Something hits you but does no damage.
A worm comes into view.
You barely miss something. Something hits you.
Something hits you but does no damage. The worm bites you but does no damage.
You barely miss the worm. You barely miss something. Something hits you.
The worm bites you!
You die...

..#.. .....###.#.#.. .
#...###.....##.#.#.####....
#...<#.#.#.##.#...........
#..###.#.#.##.###.####....
##..##.#..................
##......####.####......#.
####.....##.####.####...
#..##.##.##..)%...... ....#
.##.w@{##.#####. ####+#
##.#.)# .# #.#.)# .# .##..#
.# #..# .# .>.. .# ##.## .#
#.# #.


You could see a worm.

Vanquished Creatures
  An adder (D:2)
  2 dart slugs (D:1)
  3 bats (D:1)
  3 endoplasms
  A giant cockroach (D:1)
  4 goblins
  2 hobgoblins (D:1)
  4 kobolds
  A quokka (D:1)
  2 ball pythons (D:1)
  A frilled lizard (D:1)
  A rat (D:1)
25 creatures vanquished.

Notes
Turn   | Place    | Note
-------+----------+-------------------------------------------
     0 | D:1      | qw the Gargoyle Fighter began the quest for the Orb.
     0 | D:1      | Reached XP level 1. HP: 14/14 MP: 1/1
     0 | D:1      | 0 ||| qw: Version: 0.2-a-103-g5a998e5
     0 | D:1      | 0 ||| qw: Game counter: 1007
     0 | D:1      | 0 ||| qw: Always use a shield: true
     0 | D:1      | 0 ||| qw: God list: Okawaru
     0 | D:1      | 0 ||| qw: Allow faded altars: false
     0 | D:1      | 0 ||| qw: Do Orc after D:15 true
     0 | D:1      | 0 ||| qw: Do second Lair branch before Depths: true
     0 | D:1      | 0 ||| qw: Lair rune preference: random
     0 | D:1      | 0 ||| qw: Plans: Normal, Zot:1-4, Slime:5, God:TSO, Crypt,
                  | Tomb, Pan, Hells, Abyss, Win
     0 | D:1      | 0 ||| PLANNING D:1-11
    98 | D:1      | 98 ||| Stepping ~*~*~tactically~*~*~ (hiding).
   172 | D:1      | Reached XP level 2. HP: 19/19 MP: 2/2
   178 | D:1      | 178 ||| Stepping ~*~*~tactically~*~*~ (hiding).
   180 | D:1      | 180 ||| Stepping ~*~*~tactically~*~*~ (hiding).
   181 | D:1      | 181 ||| Stepping ~*~*~tactically~*~*~ (hiding).
   661 | D:1      | Reached skill level 3 in Axes
   711 | D:1      | Reached XP level 3. HP: 23/23 MP: 3/3
  1002 | D:1      | 1002 ||| UPGRADING to +0 pair of gloves.
  1007 | D:1      | 1007 ||| READING scroll labelled XABREI YPRUI.
  1008 | D:1      | 1008 ||| READING scroll labelled PEKLEPE KOMODD.
  1009 | D:1      | 1009 ||| READING scroll labelled DUULUO DERUE.
  1012 | D:1      | 1012 ||| READING scroll labelled WUHIL RUMO.
  1013 | D:1      | 1013 ||| DRINKING 2 pink potions.
  1071 | D:2      | Noticed Sigmund
  1096 | D:2      | HP: 5/23 [something (3)]
  1096 | D:2      | Slain by a worm

Levels and vault maps discovered:
D:1:      dpeg_arrival_chambers_temple_mockup, layout_basic, minmay_pentomino_z2
D:2:      layout_basic, shapermc_ecumenical_altar_pompeii, uniq_sigmund

Skill      XL: |  1  2 |
---------------+-------+-----
Axes           | 2 3 |  3.4
Fighting       | |  3.2
Armour         | |  3.2
Shields        | |  3.2

Action                     || total
---------------------------++-------
  Melee: War axe           ||    88
    Use: Scroll            ||     4
         Potion            ||     1
 Armour: Scale mail        ||    57
  Dodge: Dodged            ||    36
  Block: Buckler           ||    13

Table legend:
 A = Non-vault XP
 B = Vault XP
 C = Vault XP percentage of total XP
 D = Non-vault monster count
 E = Vault monster count
 F = Vault count percentage of total count
                 A         B        C        D         E       F
            +---------+---------+-------+---------+---------+-------
      Total |      57 |       1 |   1.7 |      24 |       1 |   4.0
            +---------+---------+-------+---------+---------+-------
        D:1 |      38 |       1 |   2.6 |      19 |       1 |   5.0
        D:2 |      19 |       0 |   0.0 |       5 |       0 |   0.0
            +---------+---------+-------+---------+---------+-------
